 Dungeon Crawl Stone Soup version 0.27-a0-1191-g601b473118 (webtiles) character file.

Game seed: 9797704437197053108

203 bande the Covered (level 5, -3/33 HPs)
             Began as a Gargoyle Fighter on May 24, 2021.
             Slain by an ogre
             ... wielding a +0 giant club
              (24 damage)
             ... on level 4 of the Dungeon.
             The game lasted 00:04:32 (3461 turns).

bande the Covered (Gargoyle Fighter)                Turns: 3461, Time: 00:04:33

Health: -3/33      AC: 12    Str: 20    XL:     5   Next: 81%
Magic:  5/5        EV:  4    Int:  8    God:
Gold:   106        SH: 10    Dex: 10    Spells: 4/4 levels left

rFire    . . .     SeeInvis .   a - +0 war axe
rCold    . . .     Faith    .   c - +1 kite shield
rNeg     + . .     Spirit   .   b - +0 scale mail
rPois    ∞         Reflect  .   i - +0 helmet
rElec    +         Harm     .   (no cloak)
rCorr    .         Rampage  .   (no gloves)
Will     .....                  (no boots)
Stlth    ..........             (no amulet)
HPRegen  0.11/turn              (no ring)
MPRegen  0.09/turn              (no ring)

@: constricted
A: sickness immunity, AC +4, negative energy resistance 1, electricity
resistance, torment resistance 1, petrification resistance
a: no special abilities


You were on level 4 of the Dungeon.
You visited 1 branch of the dungeon, and saw 4 of its levels.

You collected 106 gold pieces.

Inventory:

Hand Weapons
 a - a +0 war axe (weapon)
 h - a +0 flail
Armour
 b - a +0 scale mail (worn)
 c - a +1 kite shield (worn)
 i - a +0 helmet (worn)
Scrolls
 f - a scroll of torment
Potions
 d - a potion of might
 e - a potion of resistance
 g - 3 potions of curing


   Skills:
 + Level 4.1 Fighting
 + Level 3.5 Axes
 + Level 4.2 Armour
 + Level 1.0 Dodging
 + Level 4.1 Shields


You had 4 spell levels left.
You didn't know any spells.
Your spell library was empty.

Dungeon Overview and Level Annotations

Branches:
Dungeon (4/15)
 Temple: D:4-7

Altars:

Shops:
D:3 ?


Innate Abilities, Weirdness & Mutations

You are immune to sickness and miasma.
Your stone body is resilient. (AC +4)
You are immune to poison.
You resist negative energy. (rN+)
You are resistant to electric shocks. (rElec)
You are resistant to unholy torment.
You are immune to petrification.


Message History

You hit the jackal. You block the jackal's attack.
You block the scorpion's attack. You block the jackal's attack.
You block the scorpion's attack. The jackal barely misses you.
You hit the scorpion but do no damage.
The scorpion is moderately wounded.
You closely miss the jackal.
The scorpion stings you but does no damage.
The jackal barely misses you. You block the scorpion's attack.
The jackal bites you but does no damage.
You hit the scorpion.
The scorpion is severely wounded.
You hit the jackal.
You kill the jackal!
The scorpion stings you. You block the ball python's attack. x2
The scorpion stings you.
Unknown command.
You hit the scorpion but do no damage.
The scorpion is severely wounded.
You slash the ogre! You barely miss the ball python.
You block the ball python's attack. The ball python grabs you.
The ball python constricts you. You block the scorpion's attack.
The ogre hits you with a +0 giant club!
The ball python bites you but does no damage.
The ball python constricts you. The scorpion barely misses you.
Your scale mail prevents you from hitting the ogre.
The ogre is moderately wounded.
You barely miss the ball python. You hit the scorpion.
The ball python bites you but does no damage.
The ball python constricts you.
The scorpion stings you but does no damage.
The ogre hits you but does no damage.
The ball python bites you but does no damage.
The ball python constricts you.
You hit the ogre.
The ogre is moderately wounded.
You closely miss the ball python. You hit the scorpion.
You kill the scorpion!
The ogre hits you with a +0 giant club!!
Ouch! That really hurt!
You die...

#....?... #
#........ #.
#........ #.
+......
#..#.....
#..#...###
#...OS?..#
..##..#@#
.......<#
####..#...h.#
#...#.#...#
#.. .(#...#
...# ### ..#
#### ..# ..
...


You could see an ogre and a ball python.

Vanquished Creatures
  A scorpion (D:4)
  A bullfrog skeleton (D:3)
  Robin (D:3)
  4 gnolls
  5 adders
  A white imp (D:3)
  A dart slug (D:1)
  An orc (D:3)
  4 bats
  5 endoplasms
  7 giant cockroaches
  12 goblins
  3 hobgoblins (D:3)
  6 jackals
  3 kobolds
  3 quokkas
  6 ball pythons
  A frilled lizard (D:3)
  2 rats
67 creatures vanquished.

Notes
Turn   | Place    | Note
-------+----------+-------------------------------------------
     0 | D:1      | bande the Gargoyle Fighter began the quest for the Orb.
     0 | D:1      | Reached XP level 1. HP: 14/14 MP: 1/1
   209 | D:1      | Reached XP level 2. HP: 19/19 MP: 2/2
   975 | D:1      | Found a faded altar of an unknown god.
  1154 | D:2      | Reached XP level 3. HP: 14/23 MP: 3/3
  1566 | D:2      | Reached XP level 4. HP: 27/29 MP: 4/4
  2518 | D:3      | Reached XP level 5. HP: 19/33 MP: 5/5
  2705 | D:3      | Found Zulegram's Magic Scroll Shop.
  3067 | D:3      | Noticed Robin
  3091 | D:3      | Reached skill level 1 in Dodging
  3097 | D:3      | Killed Robin
  3454 | D:4      | Noticed an ogre
  3461 | D:4      | Slain by an ogre

Illustrated notes

Levels and vault maps discovered:
D:1:      evilmike_arrival_crescent, layout_loops_ring,
          hellmonk_ecumenical_altar_leap_of_faith, item_on_display_a
D:2:      layout_loops_cross, minmay_tetromino_l2
D:3:      layout_loops_cross, serial_shops, shop, minmay_strange_pillars,
          uniq_robin
D:4:      layout_basic, grunt_dithmenos_smoke

Skill      XL: |  1  2  3  4  5 |
---------------+----------------+-----
Axes           | 2 3 |  3.5
Fighting       | 4 |  4.1
Armour         | 4 |  4.2
Shields        | 4 |  4.1
Dodging        | 1 |  1.0

Action                   |  1- 3 |  4- 6 || total
-------------------------+-------+-------++-------
Melee: War axe           |    89 |   108 ||   197
  Use: Potion            |     5 |       ||     5
       Scroll            |       |     3 ||     3
 Stab: Invisible         |     2 |       ||     2
Armor: Scale mail        |    57 |    64 ||   121
Dodge: Dodged            |    44 |    38 ||    82
Block: Kite shield       |    62 |    80 ||   142

Table legend: (Time is in decaauts)
 A = Elapsed time spent in this place.
 B = Non-inter-level travel time spent in this place.
 C = Inter-level travel time spent in this place.
 D = Time resting spent in this place.
 E = Time spent auto-exploring this place.
 F = Levels seen in this place.
 G = Mean time per level.
                   A        B        C        D        E       F      G
               +--------+--------+--------+--------+--------+-----+--------+
         Total |   3581 |   3581 |      0 |    884 |   2112 |   4 |  895.2 |
       Dungeon |   3581 |   3581 |      0 |    884 |   2112 |   4 |  895.2 |
               +--------+--------+--------+--------+--------+-----+--------+

Top non-repeatable levels by time:
     D:3: 1207 daAuts
     D:1: 1181 daAuts
     D:2: 1178 daAuts
     D:4: 14 daAuts
